Map: Backwater LE

Players

ApTPeu

  • Race: Terran Terran
  • League: Platinum
  • Spawn Location: 11:00

Emu - Winner!

  • Race: Zerg Zerg
  • League: Platinum
  • Spawn Location: 5:00

VOD

Have the link to the VOD?

Description

memecast neruoW

Time

  • Played on: April 29, 2018, 1:03 p.m.
  • Length: 26:20
Show
View Real Time Build Order
Export as new Build Order

ApTPeu Terran 

Build Orders: MMM Bio 

Get SALT Encoding   

  12  0:02  SCV  
  13  0:19  Supply Depot, SCV  
  14  0:32  SCV  
  15  0:42  Barracks  
  15  0:44  SCV  
  15  0:48  Refinery  
  16  0:56  SCV  
  17  1:01  Supply Depot  
  17  1:09  SCV  
  18  1:22  SCV  
  19  1:31  Marine  
  20  1:34  SCV  
  21  1:57  Command Center  
  21  1:59  Orbital Command  
  21  2:02  Marine  
  22  2:19  Bunker  
  23  2:23  Barracks  
  22  2:33  Barracks Tech Lab  
  22  2:41  SCV, Factory  
  23  2:53  SCV  
  23  2:54  Marine  
  25  3:12  Marine, SCV x2  
  28  3:16  Refinery  
  28  3:17  Barracks Reactor  
  28  3:23  Barracks  
  28  3:26  Hellion  
  30  3:27  SCV  
  30  3:28  SCV  
  30  3:34  Marine  
  32  3:39  SCV  
  34  3:44  Supply Depot  
  34  3:47  Hellion  
  36  3:51  SCV  
  36  3:52  Marine  
  36  3:54  Marine  
  36  3:55  Marine  
  40  3:59  Combat Shields  
  40  4:01  SCV  
  41  4:03  SCV  
  41  4:08  Hellion  
  44  4:12  Marine  
  44  4:13  Marine, SCV  
  44  4:14  Marine  
  44  4:15  SCV  
  49  4:25  SCV  
  49  4:31  Barracks Reactor  
  50  4:32  Factory Tech Lab  
  50  4:34  Supply Depot  
  51  4:38  SCV  
  51  4:41  Orbital Command  
  51  4:50  Engineering Bay, SCV  
  51  5:00  Marine x3  
  51  5:02  Engineering Bay, SCV  
  51  5:05  Starport  
  55  5:07  SCV  
  55  5:12  Refinery  
  55  5:13  Refinery  
  56  5:18  Marine, Marauder  
  56  5:19  Stimpack  
  54  5:32  Marine x2  
  54  5:33  Marine  
  51  5:35  Terran Infantry Armor Level 1  
  51  5:36  Terran Infantry Weapons Level 1  
  51  5:38  Marine  
  51  5:40  Marauder, Siege Tank  
  57  5:43  Starport Reactor  
  57  5:47  SCV x2  
  59  5:50  Marine  
  59  5:53  Marine x2  
  59  5:56  Marine  
  62  6:03  SCV  
  62  6:09  Marauder  
  61  6:13  Marine x2  
  61  6:14  Marine  
  60  6:19  Marine  
  60  6:22  Medivac x2  
  62  6:28  Supply Depot  
  62  6:30  Supply Depot  
  62  6:31  Supply Depot  
  62  6:45  Supply Depot  
  62  6:49  Marine x5, SCV x2  
  62  6:52  Viking  
  71  7:01  Unknown x2, SCV x2  
  71  7:07  Marine x5  
  78  7:13  SCV x2  
  80  7:17  Medivac  
  80  7:22  Armory  
  82  7:25  Marine x3, Marauder  
  82  7:26  SCV x2  
  89  7:36  Command Center  
  89  7:45  Siege Tank  
  92  7:52  Viking  
  94  8:05  Supply Depot x2  
  94  8:09  Supply Depot  
  94  8:11  Armory  
  94  8:14  Supply Depot  
  94  8:26  Marine x3  
  94  8:27  Viking, Marauder  
  101  8:38  Medivac  
  101  8:39  Marine  
  104  8:44  Marine x3  
  104  8:48  Marine  
  107  8:54  Terran Infantry Weapons Level 2  
  108  8:56  Barracks x2  
  108  8:57  Medivac, Marine, Barracks  
  108  8:59  Barracks  
  108  9:02  Marine x2  
  113  9:06  Marauder  
  113  9:08  Medivac  
  117  9:15  Marine x2  
  117  9:16  Siege Tank  
  122  9:20  Marine x2  
  122  9:28  Marauder  
  123  9:34  Marine  
  123  9:35  Marine  
  123  9:38  Marine x2  
  112  9:49  Marauder  
  114  9:58  Marine x4  
  118  10:00  Barracks Reactor x2  
  118  10:01  Barracks Tech Lab  
  118  10:08  Orbital Command  
  118  10:09  SCV  
  118  10:10  Marine, SCV  
  118  10:14  Marine  
  122  10:15  Marine  
  122  10:16  Marine x2  
  125  10:21  SCV  
  125  10:22  SCV  
  125  10:26  Marine  
  125  10:27  Marine  
  131  10:28  Marauder  
  131  10:33  Terran Infantry Armor Level 2, Marine  
  131  10:34  Marine x2, SCV  
  136  10:36  Siege Tank  
  138  10:44  Marine  
  138  10:45  Marauder  
  138  10:49  Barracks Tech Lab  
  141  11:14  Supply Depot x2  
  141  11:16  Supply Depot  
  141  11:18  Supply Depot  
  141  11:19  Supply Depot  
  141  11:31  Marine  
  141  11:35  Marine x7  
  141  11:36  Marine, Marauder x2, Siege Tank  
  147  11:48  Marine  
  147  11:53  Medivac x2, Marine x4, Marauder  
  157  12:06  Marine  
  157  12:07  Marine x5  
  163  12:09  Siege Tank  
  163  12:14  Marauder  
  168  12:17  Marine x3  
  168  12:19  Marine  
  172  12:24  Terran Infantry Weapons Level 3, Marine x2  
  160  12:46  Marine x3  
  160  12:47  Marauder  
  161  13:01  Marine x4  
  161  13:02  Marauder  
  161  13:03  Medivac x2  
  161  13:05  Siege Tank  
  166  13:10  Terran Vehicle Weapons Level 1  
  165  13:13  Factory  
  165  13:18  Factory  
  164  13:20  Marine  
  164  13:21  Marine x3  
  168  13:33  Medivac, Marine x3  
  168  13:34  Marauder  
  175  13:40  Medivac  
  177  13:43  Terran Infantry Armor Level 3  
  177  14:03  Medivac, Marine x2  
  177  14:08  Command Center  
  181  14:21  Marine  
  181  14:22  Marine x2  
  181  14:24  Marine x4  
  181  14:25  Medivac, Marine x2  
  181  14:28  Marine x2  
  166  14:33  Medivac  
  160  14:39  Marine  
  160  14:40  Marine  
  160  14:42  Marine x3  
  159  14:46  Thor  
  165  14:55  Medivac  
  165  14:57  Marine x5  
  165  14:58  Marauder  
  165  14:59  Marauder  
  176  15:03  Medivac  
  178  15:07  Factory Tech Lab  
  178  15:11  Drilling Claws  
  178  15:17  SCV  
  178  15:20  Refinery  
  179  15:23  SCV  
  179  15:25  Medivac  
  182  15:29  Thor  
  182  15:32  Unknown  
  182  15:33  Medivac, Marine x2  
  182  15:34  Marine x4  
  196  15:51  Marine  
  196  15:53  Marine  
  196  15:58  Marine  
  196  15:59  Marine  
  189  16:06  Marine x7  
  189  16:07  Medivac  
  189  16:09  Marine  
  189  16:11  Marine  
  156  16:12  Thor  
  156  16:16  Marine  
  156  16:17  Marine  
  146  16:24  Marine x7  
  151  16:30  Marine x2  
  146  16:34  Thor  
  146  16:36  Orbital Command  
  152  16:55  Marine x2  
  154  17:02  Command Center  
  151  17:13  Marine x3  
  154  17:18  Terran Vehicle And Ship Armor Level 1  
  154  17:19  Marine x4  
  154  17:20  Marine x3  
  161  17:27  Medivac x2  
  165  17:35  Marine x2  
  167  17:38  Marine x5  
  167  17:39  Marine  
  173  17:53  Marine  
  173  17:57  Marine x3  
  150  18:02  Marine x4  
  150  18:14  Refinery  
  150  18:16  Refinery  
  150  18:20  Refinery  
  150  18:21  Thor x2  
  150  18:22  Marine  
  150  18:23  Marine x5  
  168  18:28  Concussive Shells  
  168  18:52  Marine x3  
  168  18:53  Marine x5  
  168  18:54  Marauder  
  168  18:55  Medivac x2  
  178  19:04  Planetary Fortress  
  178  19:06  SCV x3  
  152  19:17  Marine x3  
  152  19:18  Marine, Marauder  
  151  19:25  Marine x4  
  151  19:26  Marauder  
  155  19:32  Marine  
  155  19:35  Marine x2  
  145  19:39  Marine x3  
  145  19:42  Marine  
  135  19:47  Marine, Marauder  
  135  19:48  Marine x2  
  135  19:50  Marine  
  133  19:53  Marine x2  
  133  19:57  Marine x3  
  133  19:59  SCV  
  140  20:00  Marine, SCV x3  
  140  20:05  Marine x3  
  146  20:08  Marine, Marauder  
  149  20:15  Marauder  
  149  20:21  Marine x4  
  153  20:26  Marauder  
  157  20:30  Marine, Marauder  
  157  20:31  Marine x2  
  147  20:37  Marauder  
  147  20:38  Marine x2  
  147  20:39  Marine x2  
  141  20:43  Medivac x2  
  141  20:48  Marauder  
  147  20:51  Marine x5  
  147  20:55  Marine  
  153  20:58  SCV, Marauder  
  153  20:59  Refinery, SCV x3  
  153  21:00  Refinery  
  153  21:02  Marine x3  
  161  21:09  Marine x4, Marauder x2  
  161  21:10  SCV  
  161  21:11  SCV  
  171  21:13  Marine  
  170  21:19  Marine  
  170  21:20  Marine x3  
  174  21:27  Marine  
  174  21:30  Marauder  
  174  21:31  Marauder  
  174  21:32  Marine x2  
  179  21:33  Marine  
  179  21:37  Marauder  
  183  21:41  Marine x2  
  183  21:46  Medivac x2  
  180  21:47  Marine  
  181  21:58  Marine x4  
  181  21:59  Marauder  
  187  22:03  SCV  
  188  22:42  Marine x6, SCV x2  
  188  22:43  Marauder  
  188  22:50  Marine, SCV  
  188  23:11  Orbital Command  
  188  23:27  Supply Depot  
  188  23:28  Supply Depot x2  
  188  23:29  Supply Depot  
  188  23:41  Reaper  
  188  23:42  Marine  
  188  23:44  Marine  
  188  23:49  Medivac x2, Marine, Siege Tank  
  188  23:50  Marauder x2  
  188  23:54  Marine x3  
  200  23:56  Marine  
  200  24:00  Marauder  
  198  24:10  Siege Tank  
  198  24:12  Marine x3  
  198  24:14  Marine  
  198  24:15  Marine  
  198  24:16  Marine x5  
  146  24:21  Marauder  
  146  24:22  Viking x2  
  126  24:30  Marine x3  
  128  24:32  Marine  
  128  24:33  Marine x2  
  128  24:34  Marine x3  
  128  24:35  Marauder  
  136  24:40  Siege Tank  
  136  24:42  Marauder, Siege Tank  
  144  24:47  Marine x2  
  144  24:48  Marine  
  144  24:49  Marine  
  144  24:51  Marine x3  
  144  24:52  Viking, Medivac, Marine, Marauder  
  156  24:56  Reaper  
  159  25:03  Marine  
  159  25:05  Marine x2  
  159  25:06  Marine  
  162  25:12  Siege Tank  
  159  25:22  Medivac, Viking  
  159  25:28  Marine x2  
  137  25:37  Marine  
  137  25:38  Marine x2  
  137  25:39  Marine  
  133  25:46  Hellion  
  133  25:47  Siege Tank x2  
  133  25:49  Marine x3  
  131  25:50  Marine x3  
  131  25:51  Marauder  
  131  25:55  Marine x2  
  131  25:56  Marine  
  131  26:00  Marine  
Show
View Real Time Build Order
Export as new Build Order

Emu Zerg - Winner!

Build Orders: Hatch First 

Get SALT Encoding   

  12  0:01  Drone  
  13  0:12  Overlord  
  13  0:17  Drone  
  14  0:31  Drone x2  
  14  0:34  Drone  
  17  0:54  Hatchery  
  16  0:58  Drone  
  16  1:01  Drone  
  16  1:04  Extractor  
  17  1:17  Spawning Pool  
  16  1:26  Drone  
  16  1:32  Drone  
  18  1:33  Drone  
  19  1:43  Overlord  
  19  2:05  Queen  
  21  2:09  Metabolic Boost  
  21  2:11  Zergling x6  
  24  2:17  Queen  
  26  2:34  Drone  
  26  2:35  Drone  
  26  2:36  Drone  
  30  2:37  Drone  
  30  2:39  Overlord  
  30  2:46  Drone  
  31  2:54  Roach Warren  
  31  2:57  Drone, Evolution Chamber  
  29  3:17  Drone x4  
  29  3:18  Drone  
  34  3:20  Drone x3  
  37  3:28  Zerg Missile Weapons Level 1  
  37  3:33  Extractor  
  36  3:36  Lair  
  36  3:37  Drone  
  37  3:52  Drone x2  
  39  3:59  Overlord  
  39  4:00  Hatchery  
  38  4:03  Drone x2  
  38  4:04  Drone  
  38  4:06  Drone  
  38  4:08  Drone  
  43  4:22  Queen  
  46  4:24  Drone x2  
  46  4:25  Drone  
  46  4:28  Extractor  
  47  4:32  Roach x2  
  47  4:33  Overlord  
  47  4:34  Overlord  
  51  4:40  Overseer  
  51  4:45  Glial Reconstitution  
  51  4:48  Drone  
  51  4:52  Drone  
  52  4:57  Roach x5  
  61  5:04  Spine Crawler  
  60  5:12  Roach  
  60  5:13  Roach x4  
  70  5:15  Overlord  
  66  5:43  Zerg Missile Weapons Level 2  
  66  5:45  Roach  
  66  5:46  Roach x5  
  66  6:26  Drone  
  66  6:27  Drone x3  
  66  6:28  Drone  
  66  6:30  Extractor  
  66  6:31  Drone x3  
  73  6:33  Queen  
  75  6:41  Hydralisk Den  
  75  6:42  Evolution Chamber  
  73  7:14  Queen x2  
  77  7:15  Queen  
  77  7:17  Zerg Ground Armor Level 1  
  77  7:21  Infestation Pit, Grooved Spines  
  81  7:22  Drone x3  
  81  7:40  Hatchery  
  80  7:45  Drone x2  
  80  7:47  Overlord x6  
  80  7:50  Extractor  
  81  7:51  Extractor  
  81  7:53  Spine Crawler, Spore Crawler  
  81  7:55  Drone x4  
  82  8:07  Pathogen Glands  
  82  8:24  Drone x3  
  85  8:28  Spine Crawler  
  85  8:30  Spore Crawler x2  
  85  8:34  Hydralisk x3, Muscular Augments  
  82  8:35  Hydralisk x7  
  82  8:36  Hydralisk x4  
  110  8:54  Overlord x5  
  110  9:00  Hive  
  110  9:11  Drone  
  110  9:13  Drone x3  
  110  9:15  Drone x2  
  112  9:33  Drone x2  
  112  9:34  Drone  
  113  9:44  Drone  
  114  9:47  Drone  
  114  9:52  Drone  
  116  9:53  Drone x10  
  126  10:13  Spine Crawler  
  125  10:15  Hydralisk x3  
  125  10:16  Hydralisk x2  
  125  10:17  Spore Crawler  
  125  10:20  Infestor x5  
  125  10:21  Infestor  
  146  10:22  Extractor  
  146  10:26  Extractor  
  144  10:45  Zerg Missile Weapons Level 3, Zerg Ground Armor Level 2  
  144  10:54  Drone x2  
  144  10:57  Drone x5  
  148  10:58  Drone  
  148  10:59  Overlord  
  148  11:00  Overlord x2  
  152  11:22  Spore Crawler  
  152  11:24  Spine Crawler  
  145  11:56  Drone  
  145  11:57  Drone x2  
  148  12:02  Spore Crawler  
  148  12:03  Spine Crawler, Spore Crawler  
  145  12:09  Ultralisk Cavern  
  144  12:40  Spine Crawler  
  138  13:01  Zerg Melee Weapons Level 1  
  138  13:02  Hydralisk x2  
  138  13:03  Ultralisk  
  138  13:04  Ultralisk x5  
  176  13:06  Overlord x4  
  176  13:07  Overlord x2  
  176  13:09  Chitinous Plating  
  176  13:22  Zerg Ground Armor Level 3  
  176  13:37  Drone x3  
  179  13:43  Ultralisk x3  
  179  13:46  Zergling x6  
  200  13:49  Hatchery  
  199  14:02  Overseer x3  
  199  14:05  Pneumatized Carapace  
  120  14:44  Hydralisk x5, Ultralisk x4  
  120  14:45  Hydralisk  
  146  14:55  Hydralisk x4  
  146  14:56  Hydralisk x3  
  160  15:09  Drone  
  160  15:11  Drone x2  
  160  15:12  Drone  
  164  15:24  Extractor x2  
  80  16:32  Infestor x5  
  78  16:33  Infestor x2  
  78  16:37  Roach x2  
  78  16:38  Roach x6  
  78  16:39  Roach, Hydralisk x2  
  101  16:44  Drone x3  
  106  16:48  Overseer  
  106  16:52  Zerg Melee Weapons Level 2  
  104  16:54  Hydralisk  
  104  16:55  Hydralisk x3  
  104  17:01  Queen  
  112  17:23  Hatchery  
  112  17:25  Extractor  
  108  17:38  Ultralisk x2  
  108  17:39  Ultralisk x2  
  126  18:02  Hatchery  
  126  18:03  Hydralisk  
  126  18:04  Hydralisk x4  
  135  18:05  Roach  
  135  18:06  Roach x2  
  135  18:11  Ravager  
  140  18:37  Hydralisk x6  
  142  19:06  Hydralisk x5  
  142  19:07  Hydralisk x2  
  128  19:44  Overlord  
  97  19:52  Hydralisk x3  
  85  19:53  Hydralisk x6  
  103  20:03  Spire  
  103  20:05  Overseer  
  82  20:43  Drone x9  
  82  20:45  Drone x3  
  94  21:21  Hatchery  
  87  21:29  Queen  
  89  21:47  Greater Spire, Corruptor x2  
  89  21:48  Corruptor x4  
  101  21:56  Hydralisk  
  101  21:57  Hydralisk x6  
  101  21:58  Hydralisk  
  117  22:05  Extractor  
  117  22:06  Queen  
  117  22:07  Extractor  
  117  22:49  Zerg Melee Weapons Level 3  
  117  22:59  Brood Lord  
  117  23:00  Brood Lord x5  
  129  23:21  Spine Crawler  
  129  23:23  Spore Crawler  
  129  23:24  Drone x2  
  129  23:25  Drone, Spine Crawler  
  121  24:45  Hydralisk x5  
  121  24:48  Zergling x4  
  121  24:49  Zergling x12  
  121  24:50  Zergling x6  
  121  24:51  Overlord x6  
  142  25:02  Extractor x2  
  136  25:36  Corruptor x4  
  136  25:37  Corruptor  
  138  25:53  Hydralisk x16  
  138  25:54  Hydralisk x2  
Tags
 
Composition
MMM Bio
Matchup
TvZ
Spawn Locations
Cross Positions
Add a new tag
Caveats
  • Supply blocks, unpowered buildings, or Contaminate may cause inaccurate times.
  • Supply counts are checked every 10 seconds.